 Dungeon Crawl Stone Soup version 0.22-a0-348-gd16d139 (webtiles) character file.

83 Amnesiac the Cutter (level 4, -1/23 HPs)
             Began as a Vine Stalker Gladiator on Apr 9, 2018.
             Slain by an ogre
             ... wielding a +0 giant club
              (15 damage)
             ... on level 3 of the Dungeon.
             The game lasted 00:01:39 (1220 turns).

Amnesiac the Cutter (Vine Stalker Gladiator)        Turns: 1220, Time: 00:01:40

Health: -1/23      AC: 11    Str: 17    XL:     4   Next: 44%
Magic:  0/5        EV:  5    Int:  8    God:
Gold:   82         SH:  0    Dex: 16    Spells: 3/3 levels left

rFire    . . .     SeeInvis .   a - +0 rapier
rCold    . . .     Gourm    .   (no shield)
rNeg     . . .     Faith    .   k - +0 plate armour
rPois    .         Spirit   +   c - +0 helmet
rElec    .         Reflect  .   (no cloak)
rCorr    .         Harm     .   (no gloves)
MR       .....                  (no boots)
Stlth    ..........             (no amulet)
HPRegen  0.47/turn              (no ring)
MPRegen  0.09/turn              (no ring)

@: no status effects
A: fangs 2, regeneration 1, magic shield, antimagic bite, no potion heal 3, rot
immunity
a: no special abilities


You were on level 3 of the Dungeon.
You were not hungry.

You visited 1 branch of the dungeon, and saw 3 of its levels.

You collected 82 gold pieces.

Inventory:

Hand Weapons
 a - a +0 rapier (weapon)
Missiles
 d - 3 throwing nets (quivered)
 o - 7 poisoned needles
Armour
 c - a +0 helmet (worn)
 k - a +0 plate armour (worn)
 q - a +1 hat
Scrolls
 g - a scroll of magic mapping {!r, unknown}
 h - a scroll of blinking {!r}
 l - a scroll of enchant weapon {!r, unknown}
 n - a scroll of random uselessness {!r, unknown}
 p - a scroll of remove curse {!r, unknown}
Potions
 e - a potion of might {!q}
 j - 2 potions of cancellation {!q}
 m - a potion of curing {!q}
Comestibles
 f - 5 rations


   Skills:
 - Level 1.7 Fighting
 + Level 4.6 Short Blades
 - Level 1.7 Throwing
 - Level 2.4 Dodging


You had 3 spell levels left.
You didn't know any spells.

Dungeon Overview and Level Annotations

Branches:
Dungeon (3/15)

Altars:
Elyvilon
Fedhas
Makhleb
Ru


Innate Abilities, Weirdness & Mutations

You have extremely sharp teeth.
Your natural rate of healing is unusually fast.
When hurt, damage is shared between your health and your magic reserves.
Your bite disrupts and absorbs the magic of your enemies.
Potions cannot restore your health.
You are immune to rotting.


Message History

A kobold is nearby!
A kobold is nearby!
The kobold hits you but does no damage.
A kobold is nearby!
You puncture the kobold!
You kill the kobold!
Found 16 stones.
No target in view!
Done exploring.
No target in view!
Done exploring.
No target in view!
Done exploring.
No target in view!
Done exploring.
No target in view!
Done exploring.
No target in view!
Really read
h - 2 scrolls labeled YRCHAU NUWISI {!r}?
Blink to where?
Press: ? - help, Dir - move target cursor, f - you Are you sure you want to cancel this blink?
Okay, then.
As you read the scroll labeled YRCHAU NUWISI {!r}, it crumbles to dust.
It was a scroll of blinking {!r}.
Really read
i - 2 scrolls labeled BOOR GOATILAU {!r}?
As you read the scroll labeled BOOR GOATILAU {!r}, it crumbles to dust.
It is a scroll of identify.
m - a potion of curing {!q} Really read
i - a scroll of identify {!r}?
As you read the scroll of identify {!r}, it crumbles to dust.
e - a potion of might {!q} Really quaff
j - 3 purple potions {!q}?
It was a potion of cancellation {!q}.
You feel magically purged.
Really read
b - a scroll labeled WEIKKAPUZI {!r}?
As you read the scroll labeled WEIKKAPUZI {!r}, it crumbles to dust.
The air around you briefly surges with heat, but it dissipates.
It was a scroll of immolation {!r}.
Really read
r - a scroll labeled OMIALU IGHI {!r}?
As you read the scroll labeled OMIALU IGHI {!r}, it crumbles to dust.
You feel strangely unstable.
It was a scroll of teleportation {!r}.
You start waiting.
Your surroundings suddenly seem different.
Done exploring.
Done exploring.
There is an escape hatch in the ceiling here.
There is a stone staircase leading down here.
You climb downwards.
Found a leather armour.
There is a stone staircase leading up here.
An ogre comes into view. It is wielding a giant club.
Found a cabochon ring.
An ogre is nearby!
The ogre hits you with a giant club!
An ogre is nearby!
You closely miss the ogre. You puncture the ogre!
The ogre is moderately wounded.
The ogre hits you with a giant club.
You hit the ogre. You bite the ogre, but do no damage.
The ogre is heavily wounded.
The ogre hits you with a giant club!
Ouch! That really hurt!
You die...

.... ###
.... =..
#[.# #..
#.. # #.#
###...# #.#
#...#.# #.#
#.#...# #O#
#.#.#####@#
#.<....##.#
####.#....#
#.#..###
#.#..#
#.#..#
#.#..#
......
#.#..#


You could see an ogre.

Vanquished Creatures
  An adder (D:2)
  2 oozes (D:1)
  4 dart slugs
  2 leopard geckos (D:1)
  5 bats
  2 giant cockroaches
  8 goblins
  5 hobgoblins
  4 jackals
  6 kobolds
  A quokka (D:2)
  3 frilled lizards
  9 rats
52 creatures vanquished.

Notes
Turn   | Place    | Note
-------+----------+-------------------------------------------
     0 | D:1      | Amnesiac the Vine Stalker Gladiator began the quest for the Orb.
     0 | D:1      | Reached XP level 1. HP: 11/11 MP: 2/2
    14 | D:1      | Reached skill level 3 in Short Blades
    27 | D:1      | Reached XP level 2. HP: 12/15 MP: 1/3
   183 | D:1      | Reached XP level 3. HP: 10/18 MP: 4/4
   322 | D:1      | Reached skill level 4 in Short Blades
   656 | D:2      | Gained mutation: Your natural rate of healing is unusually fast. [Vine Stalker growth]
   656 | D:2      | Reached XP level 4. HP: 22/23 MP: 5/5
   978 | D:2      | Found a sacrificial altar of Ru.
   978 | D:2      | Found a white marble altar of Elyvilon.
   983 | D:2      | Found a blossoming altar of Fedhas.
   983 | D:2      | Found a burning altar of Makhleb.
  1215 | D:3      | Noticed an ogre
  1220 | D:3      | Slain by an ogre

Vault maps used:
D:1:      dpeg_arrival_pits
D:2:      grunt_temple_overflow_open
D:3:      kb_xom_exploding_sheep, first_ration, fedhas_altar_fruit_tree,
          uniq_jessica

Skill      XL: |  1  2  3 |
---------------+----------+-----
Short Blades   | 3 4 |  4.6
Fighting       | |  1.7
Throwing       | |  1.7
Dodging        | |  2.4

Action                   |  1- 3 |  4- 6 || total
-------------------------+-------+-------++-------
Melee: Rapier            |   110 |    35 ||   145
       Bite              |    28 |    11 ||    39
  Use: Scroll            |       |     5 ||     5
       Potion            |       |     1 ||     1
  Eat: Chunk             |       |     1 ||     1
Armor: Leather armour    |    31 |       ||    31
       Plate armour      |    23 |    30 ||    53
Dodge: Dodged            |    72 |     6 ||    78

Table legend:
 A = Spawn XP
 B = Non-spawn XP
 C = Spawn XP percentage of total XP
 D = Spawn monster count
 E = Non-spawn monster count
 F = Spawn count percentage of total count
 G = Total turns spent on level
                    A         B        C        D         E        F      G
               +---------+---------+-------+---------+---------+-------+---------
         Total |       0 |     119 |   0.0 |       0 |      52 |   0.0 |  1220
               +---------+---------+-------+---------+---------+-------+---------
           D:1 |       0 |      67 |   0.0 |       0 |      29 |   0.0 |   484
           D:2 |       0 |      52 |   0.0 |       0 |      23 |   0.0 |   724
               +---------+---------+-------+---------+---------+-------+---------
